 Dungeon Crawl Stone Soup version 0.27-a0-898-g810843a28d (webtiles) character file.

Game seed: 69263057255836643

81 Alarkh the Ruffian (level 4, 33/33 HPs)
             Began as a Demonspawn Gladiator on Apr 5, 2021.
             Got out of the dungeon alive.
             The game lasted 00:01:25 (1211 turns).

Alarkh the Ruffian (Demonspawn Gladiator)           Turns: 1211, Time: 00:01:26

Health: 33/33      AC:  7    Str: 15    XL:     4   Next: 19%
Magic:  4/4        EV: 13    Int: 10    God:
Gold:   65         SH:  0    Dex: 20    Spells: 3/3 levels left

rFire    + . .     SeeInvis .     - Unarmed
rCold    . . .     Faith    .   (no shield)
rNeg     . . .     Spirit   .   a - +0 leather armour
rPois    .         Reflect  .   b - +0 helmet
rElec    .         Harm     .   (no cloak)
rCorr    .         Rampage  .   (no gloves)
Will     .....                  g - +0 pair of boots
Stlth    +.........             (no amulet)
HPRegen  0.11/turn              e - +6 ring of dexterity
MPRegen  0.09/turn              i - ring of protection from fire

@: no status effects
A: yellow scales 1, spiny 1
a: no special abilities


You escaped.
You visited 1 branch of the dungeon, and saw 2 of its levels.

You collected 65 gold pieces.

Inventory:

Missiles
 c - 3 throwing nets (quivered)
 h - 8 atropa-tipped darts
Armour
 a - a +0 leather armour (worn)
 b - a +0 helmet (worn)
 g - a +0 pair of boots (worn)
Magical Staves
 l - a staff of earth
Jewellery
 e - a +6 ring of dexterity (left hand)
 i - a ring of protection from fire (right hand)
Scrolls
 d - a scroll of identify {unknown}
 j - a scroll of enchant weapon {unknown}
Potions
 f - a potion of flight {unknown}
 k - 3 potions of haste {unknown}


   Skills:
 - Level 2.0 Fighting
 - Level 1.7 Throwing
 - Level 2.6 Dodging
 * Level 4.6 Unarmed Combat


You had 3 spell levels left.
You didn't know any spells.
Your spell library was empty.

Dungeon Overview and Level Annotations

Branches:
Dungeon (2/15)

Altars:


Innate Abilities, Weirdness & Mutations

You are partially covered in yellow scales. (AC +2)
You are partially covered in sharp spines.


Message History

A giant cockroach comes into view.
The hound skeleton closely misses you. The giant cockroach barely misses you.
You hit the hound skeleton.
The hound skeleton is lightly damaged.
The hound skeleton closely misses you.
The giant cockroach is struck by your spines.
The giant cockroach bites you but does no damage.
The hound skeleton is struck by your spines.
The hound skeleton closely misses you.
You barely miss the giant cockroach.
The giant cockroach is heavily wounded.
The giant cockroach misses you. The hound skeleton closely misses you.
You barely miss the giant cockroach.
The giant cockroach is heavily wounded.
The giant cockroach bites you but does no damage.
The hound skeleton is struck by your spines.
The hound skeleton bites you but does no damage.
You punch the hound skeleton!
The hound skeleton is severely damaged.
The giant cockroach bites you.
The hound skeleton is struck by your spines.
You destroy the hound skeleton!
You have reached level 4!
You feel stronger.
Your demonic ancestry asserts itself...
Yellow scales grow over part of your body.
You closely miss the giant cockroach.
The giant cockroach is moderately wounded.
The giant cockroach is struck by your spines.
You kill the giant cockroach!
No target in view!
You open the door.
There is an open door here.
There is a stone staircase leading up here.
You climb upwards.
There is a stone staircase leading down here.
HP restored.
You see here a rat skeleton.
There is a staircase leading out of the dungeon here.
Are you sure you want to leave the Dungeon?
This will make you lose the game!
You have escaped! .# #PP.PP.PP.PP.PP.PP.#### ## #PP.P.PP.P.PP.P.PP....#### ## #PP.P.P.PPP.P.P.PP.##..... .# #PP.P.PP.P.PP.P.PP.####### .# #PP.PP.PP.PP.PP.PP.# .# #PPP.PP.PPP.PP.PP..###### .# #PPP.PPP...PPP.PP.......# .# #PPPP..PPPPP..PPP.#####.## .# #PPPPPP..@..PPPPPP# #.## .# #PPPPPPPPPPPPPPPPP#

#.## ##
#####.........#(#######.##
# #.........#.# #....## #
####...####.# #.##### #
#...# #.# #.# # # #...##
#.# #)# # #
##...###.####.# # #
###.#.....##.#


There were no monsters in sight!

Vanquished Creatures
  A hound skeleton (D:2)
  2 adders (D:2)
  4 ball pythons
  8 bats
  4 endoplasms
  A giant cockroach (D:2)
  4 goblins
  4 hobgoblins
  3 jackals (D:1)
  5 kobolds
  2 quokkas (D:1)
  3 frilled lizards (D:2)
  4 rats
45 creatures vanquished.

Vanquished Creatures (others)
  15 plants (D:1)
15 creatures vanquished.

Grand Total: 60 creatures vanquished

Notes
Turn   | Place    | Note
-------+----------+-------------------------------------------
     0 | D:1      | Alarkh the Demonspawn Gladiator began the quest for the
                  | Orb.
     0 | D:1      | Reached XP level 1. HP: 16/16 MP: 1/1
    74 | D:1      | Reached skill level 3 in Unarmed Combat
   267 | D:1      | Gained mutation: You are partially covered in sharp spines.
                  | [demonic ancestry]
   267 | D:1      | Reached XP level 2. HP: 14/22 MP: 2/2
   705 | D:1      | Reached XP level 3. HP: 27/27 MP: 3/3
   932 | D:2      | Reached skill level 4 in Unarmed Combat
  1103 | D:2      | Gained mutation: You are partially covered in yellow
                  | scales. (AC +2) [demonic ancestry]
  1103 | D:2      | Reached XP level 4. HP: 27/33 MP: 4/4
  1211 | D:$      | Got out of the dungeon alive.

Illustrated notes

Levels and vault maps discovered:
D:1:      roderic_crop_circles_arrival_small, layout_loops_ring,
          minmay_close_crescents
D:2:      layout_loops_corners, grunt_ministairs_15, kennysheep_jessica_study

Skill      XL: |  1  2  3 |
---------------+----------+-----
Unarmed Combat | 3 4 |  4.6
Fighting       | |  2.0
Throwing       | |  1.7
Dodging        | |  2.6

Action                   |  1- 3 |  4- 6 || total
-------------------------+-------+-------++-------
Melee: Unarmed           |   102 |     1 ||   103
       Punch             |     3 |       ||     3
 Stab: Sleeping          |     3 |       ||     3
Armor: Leather armour    |    30 |       ||    30
Dodge: Dodged            |    68 |       ||    68

Table legend: (Time is in decaauts)
 A = Elapsed time spent in this place.
 B = Non-inter-level travel time spent in this place.
 C = Inter-level travel time spent in this place.
 D = Time resting spent in this place.
 E = Time spent auto-exploring this place.
 F = Levels seen in this place.
 G = Mean time per level.
                   A        B        C        D        E       F      G
               +--------+--------+--------+--------+--------+-----+--------+
         Total |   1202 |   1039 |    163 |     65 |    735 |   2 |  601.0 |
       Dungeon |   1202 |   1039 |    163 |     65 |    735 |   2 |  601.0 |
               +--------+--------+--------+--------+--------+-----+--------+

Top non-repeatable levels by time:
     D:1: 940 daAuts
     D:2: 262 daAuts
